 Dungeon Crawl Stone Soup version 0.22.1-2-g9c5b331383 (webtiles) character file.

48 Knicklaso the Chiller (level 3, -2/27 HPs)
             Began as a Merfolk Ice Elementalist on Nov 24, 2018.
             Slain by a hound (3 damage)
             ... on level 2 of the Dungeon.
             The game lasted 00:03:01 (1229 turns).

Knicklaso the Chiller (Merfolk Ice Elementalist)    Turns: 1229, Time: 00:03:01

Health: -2/27      AC:  2    Str:  9    XL:     3   Next: 72%
Magic:  0/6        EV: 13    Int: 14    God:
Gold:   19         SH:  0    Dex: 14    Spells: 5/6 levels left

rFire    . . .     SeeInvis .   f - +2 dagger (venom)
rCold    . . .     Gourm    .   (no shield)
rNeg     . . .     Faith    .   a - +0 robe
rPois    .         Spirit   .   (no helmet)
rElec    .         Reflect  .   (no cloak)
rCorr    .         Harm     .   (no gloves)
MR       .....                  (no boots)
Stlth    ++........             (no amulet)
HPRegen  0.09/turn              (no ring)
MPRegen  0.10/turn              (no ring)

@: hasted, very quick
A: change form in water, swift swim, stealthy swim
a: no special abilities


You were on level 2 of the Dungeon.
You were not hungry.

You visited 1 branch of the dungeon, and saw 2 of its levels.

You collected 19 gold pieces.

Inventory:

Hand Weapons
 f - a +2 dagger of venom (weapon)
Armour
 a - a +0 robe (worn)
Jewellery
 h - an uncursed ring of protection from magic {unknown}
 j - a +4 ring of protection {unknown}
Scrolls
 d - 2 scrolls of amnesia {unknown}
 e - a scroll of teleportation {unknown}
Potions
 i - a potion of heal wounds {unknown}
 k - a potion of curing {unknown}
Comestibles
 c - a ration


   Skills:
 + Level 2.0 Fighting
 + Level 2.8 Dodging
 - Level 2.1 Stealth
 + Level 2.3 Spellcasting
   Level 0.7 Conjurations
 * Level 4.1 Ice Magic


You had 5 spell levels left.
You knew the following spells:

 Your Spells              Type           Power        Failure   Level  Hunger
a - Freeze                Ice            ##..         4%          1    #......

Your spell library contained the following spells:

 Spells                   Type           Power        Failure   Level  Hunger
 Throw Frost              Conj/Ice       #.....       13%         2    ###....
 Ozocubu's Armour         Chrm/Ice       #.......     30%         3    ###....
 Throw Icicle             Conj/Ice       #.......     63%         4    #####..
 Summon Ice Beast         Ice/Summ       #.......     69%         4    #####..


Dungeon Overview and Level Annotations

Branches:
Dungeon (2/15)

Altars:


Message History

Aiming: Freeze (safe; 4% risk of failure)
Press: ? - help, Shift-Dir - straight line, f/p - hound
Aim: a hound (moderately wounded)
You freeze the hound.
The hound is severely wounded.
The hound closely misses you. The hound bites you but does no damage.
Casting: Freeze (safe; 4% risk of failure)
Confirm with . or Enter, or press ? or * to list all spells.
You don't have enough magic to cast that spell.
You barely miss the hound.
The hound is severely wounded.
The hound closely misses you.
You barely miss the hound.
The hound is severely wounded.
You feel sick.
You are no longer poisoned.
The hound closely misses you. The hound bites you.
* * * LOW HITPOINT WARNING * * *
It was a potion of haste.
You feel yourself speed up. The hound bites you.
You die...

.. #.. #? ##<##
#..##...####
#...........
#..##†..#####.#
#..†.....)....#
##.##...........#
# #%h##########
#@.# #..# #..#
...# ..#.. ##.###
#


You could see a hound.

Vanquished Creatures
  An adder (D:2)
  An ooze (D:1)
  A dart slug (D:1)
  2 leopard geckos (D:1)
  2 giant cockroaches
  3 goblins (D:1)
  7 hobgoblins
  5 bats
  2 frilled lizards
  2 kobolds (D:1)
  2 rats (D:1)
28 creatures vanquished.

Notes
Turn   | Place    | Note
-------+----------+-------------------------------------------
     0 | D:1      | Knicklaso the Merfolk Ice Elementalist began the quest for
                  | the Orb.
     0 | D:1      | Reached XP level 1. HP: 13/13 MP: 3/3
    95 | D:1      | Reached XP level 2. HP: 5/20 MP: 0/5
   102 | D:1      | Reached skill level 1 in Fighting
   788 | D:1      | Reached XP level 3. HP: 26/26 MP: 6/6
  1207 | D:2      | Reached skill level 4 in Ice Magic
  1228 | D:2      | HP: 1/27 [hound (3)]
  1229 | D:2      | Slain by a hound

Skill      XL: |  1  2  3 |
---------------+----------+-----
Fighting       | 1 2 |  2.0
Ice Magic      | 4 |  4.1
Dodging        | |  2.8
Stealth        | |  2.1
Spellcasting   | |  2.3
Conjurations   | |  0.7

Action                   || total
-------------------------++-------
Melee: Hand axe          ||     4
       Dagger            ||    61
 Cast: Freeze            ||    13
  Use: Potion            ||     1
 Stab: Sleeping          ||     3
  Eat: Chunk             ||     1
Armor: Robe              ||    11
Dodge: Dodged            ||    49
